 Dungeon Crawl Stone Soup version 0.30.0-3-ga4e48a9924 (webtiles) character file.

Game seed: 4271093108827530017

301 dialectric the Sneak (level 6, -6/47 HPs)
             Began as a Demonspawn Delver on May 7, 2023.
             Mangled by a wight
             ... wielding a +3 scimitar of freezing
              (15 damage)
             ... on level 4 of the Dungeon.
             The game lasted 00:05:44 (2458 turns).

dialectric the Sneak (Demonspawn Delver)            Turns: 2458, Time: 00:05:45

Health: -6/47      AC:  4    Str: 15    XL:     6   Next: 14%
Magic:  6/6        EV: 12    Int: 11    God:
Gold:   144        SH:  0    Dex: 14    Spells: 5/5 levels left

rFire   . . .        a - +0 short sword
rCold   . . .        (no shield)
rNeg    . . .        b - +0 leather armour
rPois   .            (helmet restricted)
rElec   .            (no cloak)
rCorr   +            (no gloves)
SInv    .            f - +0 pair of boots
Will    +....        k - amulet of regeneration
Stlth   +++          e - ring of willpower
HPRegen 1.07/turn    s - ring of resist corrosion
MPRegen 0.10/turn

%: no passive effects
@: no status effects
A: hooves 1, horns 2, spiny 1
a: no special abilities


You were on level 4 of the Dungeon.
You visited 1 branch of the dungeon, and saw 8 of its levels.

You collected 144 gold pieces.

Inventory:

Hand Weapons
 a - a +0 short sword (weapon)
 p - a +0 long sword
 D - a +2 dagger of distortion
 E - the +5 hand axe "Amiogem" {holy, rC- rN++}
   (You found it on level 4 of the Dungeon)

   rC:        It makes you vulnerable to cold.
   rN:        It greatly protects you from negative energy.
Missiles
 j - 23 poisoned darts (quivered)
Armour
 b - a +0 leather armour (worn)
 f - a +0 pair of boots (worn)
Jewellery
 e - a ring of willpower (left hand)
 k - an amulet of regeneration (around neck)
 s - a ring of resist corrosion (right hand)
Wands
 g - a wand of digging (2)
 B - a wand of iceblast (10)
Scrolls
 c - 2 scrolls of fog
 d - a scroll of magic mapping
 h - 5 scrolls of identify
 m - a scroll of fear
 o - a scroll of immolation {unknown}
 t - a scroll of brand weapon {unknown}
 u - 2 scrolls of butterflies
 w - a scroll of enchant armour {unknown}
 x - a scroll of poison {unknown}
 y - a scroll of amnesia {unknown}
 C - 2 scrolls of teleportation {unknown}
Potions
 i - a potion of attraction {unknown}
 l - 2 potions of might
 n - a potion of haste
 q - a potion of lignification {unknown}
 r - 4 potions of heal wounds {unknown}
 v - a potion of berserk rage {unknown}
 z - a potion of flight {unknown}
 A - a potion of brilliance {unknown}


   Skills:
 - Level 3.1 Fighting
 + Level 3.6 Short Blades
 + Level 0.5 Throwing
 + Level 2.3 Armour
 * Level 3.5 Dodging
 - Level 5.0 Stealth


You had 5 spell levels left.
You didn't know any spells.
Your spell library contained the following spells:

 Spells                   Type           Power      Damage    Failure   Level
 Dazzling Flash           Conj/Hex       0%         N/A       78%         3
 Volatile Blastmotes      Fire/Tloc      0%         2d10      78%         3
 Iskenderun's Mystic Bla  Conj/Tloc      0%         2d3       99%         4
 Starburst                Conj/Fire      0%         6d3       100%        6


Dungeon Overview and Level Annotations

Branches:
Dungeon (8/15)
 Temple: D:4-7         Lair: D:8-11

Altars:

Annotations:
D:4 Dowan, Duvessa


Innate Abilities, Weirdness & Mutations

You have large cloven feet.
You have a pair of horns on your head.
You are partially covered in sharp spines.


Message History

There is a stone staircase leading down here.
You climb downwards.
There is a stone staircase leading up here.
Unknown command.
There is a stone staircase leading up here.
The wight hits you with a +3 scimitar of freezing!!
The wight freezes you.
You climb upwards.
Level annotation: Dowan, Duvessa
There is a stone staircase leading down here.
Unknown command.
Unknown command.
You closely miss the wight. The wight is struck by your spines.
The wight hits you with a +3 scimitar of freezing!
The wight freezes you.
You closely miss the wight.
The wight is lightly damaged.
The wight closely misses you.
You barely miss the wight.
The wight is lightly damaged.
The wight is struck by your spines.
The wight hits you with a +3 scimitar of freezing!
* * * LOW HITPOINT WARNING * * *
The wight freezes you.
* * * LOW HITPOINT WARNING * * *
You closely miss the wight. Your headbutt misses the wight.
The wight is heavily damaged.
The wight is struck by your spines. The wight closely misses you.
Unknown command.
You hit the wight.
The wight is severely damaged.
Unknown command.
You hit the wight but do no damage.
The wight is severely damaged.
The wight is struck by your spines. The wight completely misses you.
Unknown command.
You completely miss the wight.
The wight is almost destroyed.
The wight hits you with a +3 scimitar of freezing!
You die...

#.#.#.# #.
#.#.#.####.# #.
#.#.#).....# #.
#.#.#..# #.
#.#<#..# #.
#.###..#########.
#.............(..
##################
#@z..........)....
################.#
#.. ##. #####
#.... .e... ...).
.....


You could see a wight.

Vanquished Creatures
  A howler monkey (D:4)
  A jelly (D:4)
  Ijyb (D:4)
  Jessica (D:2)
  An iguana (D:4)
  2 gnolls
  5 adders
  2 worms
  2 dart slugs
  3 orcs (D:4)
  4 bats
  6 endoplasms
  4 giant cockroaches
  5 goblins
  5 hobgoblins
  6 jackals
  4 quokkas
  9 ball pythons
  3 frilled lizards
  8 kobolds
  5 rats
78 creatures vanquished.

Vanquished Creatures (others)
  An orc (D:8)
1 creature vanquished.

Grand Total: 79 creatures vanquished

Notes
Turn   | Place    | Note
-------+----------+-------------------------------------------
     0 | D:5      | dialectric the Demonspawn Delver began the quest for the
                  | Orb.
     0 | D:5      | Reached XP level 1. HP: 18/18 MP: 1/1
     1 | D:5      | Noticed a hound
     8 | D:5      | Noticed a wight
     9 | D:5      | Noticed a wight
    79 | D:8      | Noticed a howler monkey
    80 | D:8      | Noticed a howler monkey
   151 | D:5      | Noticed a wight
   152 | D:5      | Noticed a wight
   188 | D:5      | Noticed an orc wizard
   189 | D:5      | Noticed a wight
   360 | D:3      | Gained mutation: You are partially covered in sharp spines.
                  | [demonic ancestry]
   360 | D:3      | Reached XP level 2. HP: 24/24 MP: 2/2
   543 | D:3      | Discovered your monstrous ancestry.
   543 | D:3      | Gained mutation: You have large cloven feet. [demonic
                  | ancestry]
   543 | D:3      | Reached XP level 3. HP: 29/29 MP: 3/3
   987 | D:2      | Reached skill level 1 in Armour
  1115 | D:2      | Reached skill level 5 in Stealth
  1169 | D:2      | Noticed Jessica
  1172 | D:2      | Killed Jessica
  1173 | D:2      | Gained mutation: You have a pair of small horns on your
                  | head. [demonic ancestry]
  1173 | D:2      | Reached XP level 4. HP: 35/35 MP: 4/4
  1777 | D:1      | Found a faded altar of an unknown god.
  1934 | D:3      | Noticed a gnoll sergeant
  1980 | D:2      | Gained mutation: You have a pair of horns on your head.
                  | [demonic ancestry]
  1980 | D:2      | Reached XP level 5. HP: 36/41 MP: 5/5
  2124 | D:4      | Noticed Dowan
  2133 | D:4      | Noticed Ijyb
  2140 | D:4      | Killed Ijyb
  2200 | D:4      | Reached XP level 6. HP: 47/47 MP: 6/6
  2383 | D:4      | Identified the +5 hand axe "Amiogem" {holy, rC- rN++}
  2424 | D:4      | Noticed Duvessa
  2458 | D:4      | Mangled by a wight

Illustrated notes

Levels and vault maps discovered:
D:1:      mushboom_english_gardens, layout_loops_ring,
          shapermc_ecumenical_altar_notcrosses
D:2:      layout_rooms, uniq_jessica
D:3:      layout_basic, grunt_ministairs_13
D:4:      layout_basic, uniq_ijyb, uniq_duvessa
D:5:      layout_cave_pools
D:6:      layout_rooms, okawaru_gym_becter, minmay_temple_entry_trees,
          minivault_19, minmay_fire_ice_demons
D:7:      layout_gridville, lemuel_tele_altar, uniq_joseph
D:8:      minmay_skewed_foursquare, layout_basic, xom_confusion_cloud,
          minmay_misc_feat_chi, pf_guarded_unrand_woodcutter

Skill      XL: |  1  2  3  4  5 |
---------------+----------------+-----
Dodging        | 2 3 |  3.5
Armour         | 1 2 |  2.3
Short Blades   | 2 3 |  3.6
Stealth        | 5 |  5.0
Fighting       | |  3.1
Throwing       | |  0.5

Action                     |  1- 3 |  4- 6 || total
---------------------------+-------+-------++-------
  Melee: Short sword       |    93 |    85 ||   178
         Punch             |     4 |     1 ||     5
         Kick              |     5 |     4 ||     9
         Headbutt          |       |    11 ||    11
  Throw: Dart              |       |    12 ||    12
  Evoke: Wand              |     1 |       ||     1
    Use: Scroll            |     1 |     2 ||     3
         Potion            |     1 |     1 ||     2
   Stab: Sleeping          |    10 |    11 ||    21
 Armour: Leather armour    |    15 |    11 ||    26
  Dodge: Dodged            |    73 |    34 ||   107
